TOP OF THE 1ST |
Broken Arrow HS batting - Pitching for Masconomet HS Chieftans : LHP Manuel Rodríguez
|
Pitching: LHP Manuel Rodríguez
|
|
Batting: LHB José Esparza
|
0-0: Ball 1-0: Ball 2-0: SINGLE (Groundball, 4MD)
|
Batting: RHB Jon Bush
|
0-0: Ball 1-0: Foul Ball, location: 2F 1-1: Called Strike 1-2: Ball 2-2: Foul Ball, location: 2F 2-2: Strikes out swinging
|
Batting: LHB Brian Lawson
|
0-0: Foul Ball, location: 2F 0-1: Called Strike 0-2: Strikes out looking
|
Batting: RHB Steve Boyer
|
0-0: Ball 1-0: Called Strike 1-1: Ball 2-1: Ground out 4-3 (Groundball, 4S)
|
Top of the 1st over - 0 run(s), 1 hit(s), 0 error(s), 1 left on base; Broken Arrow HS 0 - Masconomet HS 0 |
BOTTOM OF THE 1ST |
Masconomet HS Chieftans batting - Pitching for Broken Arrow HS : RHP Ben Lord
|
Pitching: RHP Ben Lord
|
|
Batting: RHB Ryan Beck
|
0-0: Foul Ball, location: 2F 0-1: Ball 1-1: Fly out, F8 (Flyball, 8LM)
|
Batting: SHB Vicente Ramírez
|
0-0: Ball 1-0: Called Strike 1-1: Ball 2-1: Swinging Strike 2-2: Ball 3-2: Ground out 1-3 (Groundball, 13S)
|
Batting: RHB Josh Martin
|
0-0: Ball 1-0: Ball 2-0: Foul Ball, location: 2F 2-1: Ball 3-1: Reached on error, E4 (Groundball, 4)
|
Batting: RHB Burt Scott
|
0-0: Called Strike 0-1: Called Strike 0-2: Strikes out swinging
|
Bottom of the 1st over - 0 run(s), 0 hit(s), 1 error(s), 1 left on base; Broken Arrow HS 0 - Masconomet HS 0 |
TOP OF THE 2ND |
Broken Arrow HS batting - Pitching for Masconomet HS Chieftans : LHP Manuel Rodríguez
|
Batting: LHB Jesús Zamora
|
0-0: Ball 1-0: Foul Ball, location: 2F 1-1: Called Strike 1-2: Ball 2-2: Strikes out swinging
|
Batting: RHB David Adams
|
0-0: Ball 1-0: Ground out 5-3 (Groundball, 56S)
|
Batting: RHB Ramón Santos
|
0-0: Foul Ball, location: 2F 0-1: Called Strike 0-2: Foul Ball, location: 2F 0-2: Strikes out swinging
|
Top of the 2nd over - 0 run(s), 0 hit(s), 0 error(s), 0 left on base; Broken Arrow HS 0 - Masconomet HS 0 |
BOTTOM OF THE 2ND |
Masconomet HS Chieftans batting - Pitching for Broken Arrow HS : RHP Ben Lord
|
Batting: LHB David Hebert
|
0-0: Foul Ball, location: 2F 0-1: Ball 1-1: Fly out, F8 (Flyball, 8LM)
|
Batting: RHB Jack Bowman
|
0-0: Foul Ball, location: 2F 0-1: Ground out 4-3 (Groundball, 34)
|
Batting: LHB José Gallardo
|
0-0: Called Strike 0-1: Foul Ball, location: 2F 0-2: Ball 1-2: Ball 2-2: Foul Ball, location: 2F 2-2: Strikes out swinging
|
Bottom of the 2nd over - 0 run(s), 0 hit(s), 0 error(s), 0 left on base; Broken Arrow HS 0 - Masconomet HS 0 |
TOP OF THE 3RD |
Broken Arrow HS batting - Pitching for Masconomet HS Chieftans : LHP Manuel Rodríguez
|
Batting: SHB Pedro Sousa
|
0-0: Ball 1-0: Foul Ball, location: 2F 1-1: Foul Ball, location: 2F 1-2: Hit by Pitch
|
Batting: LHB Dennis Montgomery
|
0-0: Foul Ball, location: 2F 0-1: Ball 1-1: Ball 2-1: SINGLE (Groundball, 5D) Pedro Sousa to second
|
Batting: LHB José Esparza
|
0-0: Called Strike 0-1: Called Strike 0-2: Ball 1-2: Foul Ball, location: 2F 1-2: Strikes out looking
|
Batting: RHB Jon Bush
|
0-0: Ball 1-0: Called Strike 1-1: Ball 2-1: Foul Ball, location: 2F 2-2: Strikes out swinging
|
Batting: LHB Brian Lawson
|
0-0: Ball 1-0: Ball 2-0: Foul Ball, location: 2F 2-1: Foul Ball, location: 2F 2-2: Foul Ball, location: 2F 2-2: Ball 3-2: Ground out U3 (Groundball, 34)
|
Top of the 3rd over - 0 run(s), 1 hit(s), 0 error(s), 2 left on base; Broken Arrow HS 0 - Masconomet HS 0 |
BOTTOM OF THE 3RD |
Masconomet HS Chieftans batting - Pitching for Broken Arrow HS : RHP Ben Lord
|
Batting: RHB Frank Music
|
0-0: Called Strike 0-1: Called Strike 0-2: SINGLE (Groundball, 5D)
|
Batting: RHB António Rojas
|
0-0: Called Strike 0-1: Called Strike 0-2: Foul Ball, location: 2F 0-2: Foul Ball, location: 2F 0-2: Foul Ball, location: 2F 0-2: Ball 1-2: Foul Ball, location: 2F 1-2: DOUBLE (Flyball, 89M) Frank Music to third
|
Batting: RHB Ryan Beck
|
0-0: SINGLE (Groundball, 6MD) Frank Music scores António Rojas to third
|
Batting: SHB Vicente Ramírez
|
0-0: Reached on error, E6 (Groundball, 6) António Rojas scores Ryan Beck to second
|
Batting: RHB Josh Martin
|
0-0: Called Strike 0-1: Foul Ball, location: 2F 0-2: Ball 1-2: Ball 2-2: Foul Ball, location: 2F 2-2: Strikes out swinging
|
Batting: RHB Burt Scott
|
0-0: Swinging Strike 0-1: Ball 1-1: Called Strike 1-2: Ball 2-2: Foul Ball, location: 2F 2-2: Grounds into double play, 4-6-3 (Groundball, 4)
|
Bottom of the 3rd over - 2 run(s), 3 hit(s), 1 error(s), 1 left on base; Broken Arrow HS 0 - Masconomet HS 2 |
TOP OF THE 4TH |
Broken Arrow HS batting - Pitching for Masconomet HS Chieftans : LHP Manuel Rodríguez
|
Batting: RHB Steve Boyer
|
0-0: Called Strike 0-1: Ball 1-1: Fly out, F9 (Flyball, 9D)
|
Batting: LHB Jesús Zamora
|
0-0: Fly out, F7 (Flyball, 7LS)
|
Batting: RHB David Adams
|
0-0: Ball 1-0: Ball 2-0: Ball 3-0: Called Strike 3-1: Base on Balls
|
Batting: RHB Ramón Santos
|
0-0: Swinging Strike 0-1: Swinging Strike 0-2: Foul Ball, location: 2F 0-2: Ball 1-2: Strikes out looking
|
Top of the 4th over - 0 run(s), 0 hit(s), 0 error(s), 1 left on base; Broken Arrow HS 0 - Masconomet HS 2 |
BOTTOM OF THE 4TH |
Masconomet HS Chieftans batting - Pitching for Broken Arrow HS : RHP Ben Lord
|
Batting: LHB David Hebert
|
0-0: Called Strike 0-1: Ball 1-1: Foul Ball, location: 2F 1-2: Strikes out looking
|
Batting: RHB Jack Bowman
|
0-0: Called Strike 0-1: Ball 1-1: SINGLE (Groundball, 56D)
|
Batting: LHB José Gallardo
|
0-0: Ball 1-0: DOUBLE (Flyball, 78XD) Jack Bowman to third
|
Batting: RHB Frank Music
|
0-0: Fly out, F8 (Flyball, 8LM) Runner from 3rd tags up, SCORES, throw made
|
Batting: RHB António Rojas
|
0-0: Called Strike 0-1: Ground out 6-3 (Groundball, 6S)
|
Bottom of the 4th over - 1 run(s), 2 hit(s), 0 error(s), 1 left on base; Broken Arrow HS 0 - Masconomet HS 3 |
TOP OF THE 5TH |
Broken Arrow HS batting - Pitching for Masconomet HS Chieftans : LHP Manuel Rodríguez
|
Batting: SHB Pedro Sousa
|
0-0: Ball 1-0: Foul Ball, location: 2F 1-1: Ground out 6-3 (Groundball, 6M)
|
Batting: LHB Dennis Montgomery
|
0-0: Foul Ball, location: 2F 0-1: Ball 1-1: Ball 2-1: Ball 3-1: Foul Ball, location: 2F 3-2: Base on Balls
|
Batting: LHB José Esparza
|
0-0: Ball 1-0: Fly out, F9 (Flyball, 9S)
|
Batting: RHB Jon Bush
|
0-0: Swinging Strike 0-1: Fly out, F9 (Flyball, 9D)
|
Top of the 5th over - 0 run(s), 0 hit(s), 0 error(s), 1 left on base; Broken Arrow HS 0 - Masconomet HS 3 |
BOTTOM OF THE 5TH |
Masconomet HS Chieftans batting - Pitching for Broken Arrow HS : RHP Ben Lord
|
Batting: RHB Ryan Beck
|
0-0: Ground out 4-3 (Groundball, 34)
|
Batting: SHB Vicente Ramírez
|
0-0: Called Strike 0-1: SINGLE (Groundball, 6S) (infield hit)
|
Batting: RHB Josh Martin
|
0-0: Called Strike 0-1: Fly out, F9 (Flyball, 9S)
|
Batting: RHB Burt Scott
|
0-0: Ball 1-0: Foul Ball, location: 2F 1-1: Called Strike 1-2: Ball 2-2: Strikes out swinging
|
Bottom of the 5th over - 0 run(s), 1 hit(s), 0 error(s), 1 left on base; Broken Arrow HS 0 - Masconomet HS 3 |
TOP OF THE 6TH |
Broken Arrow HS batting - Pitching for Masconomet HS Chieftans : LHP Manuel Rodríguez
|
Batting: LHB Brian Lawson
|
0-0: Called Strike 0-1: Ground out 6-3 (Groundball, 6)
|
Pitching: RHP Mariano Cruz
|
|
Batting: RHB Steve Boyer
|
0-0: Ball 1-0: Called Strike 1-1: Foul Ball, location: 2F 1-2: Ball 2-2: Foul Ball, location: 2F 2-2: Fly out, F4 (Popup, 34D)
|
Batting: LHB Jesús Zamora
|
0-0: Foul Ball, location: 2F 0-1: Ball 1-1: Ball 2-1: Ball 3-1: Swinging Strike 3-2: Ground out 5-3 (Groundball, 56S)
|
Top of the 6th over - 0 run(s), 0 hit(s), 0 error(s), 0 left on base; Broken Arrow HS 0 - Masconomet HS 3 |
BOTTOM OF THE 6TH |
Masconomet HS Chieftans batting - Pitching for Broken Arrow HS : RHP Ben Lord
|
Batting: LHB David Hebert
|
0-0: Called Strike 0-1: Foul Ball, location: 2F 0-2: Ball 1-2: SOLO HOME RUN (Flyball, 9D), Distance : 408 ft
|
Batting: RHB Jack Bowman
|
0-0: Ball 1-0: Ball 2-0: Foul Ball, location: 2F 2-1: Foul Ball, location: 2F 2-2: Ball 3-2: SINGLE (Line Drive, 6D)
|
Pitching: RHP Dan Montgomery
|
|
Batting: LHB José Gallardo
|
0-0: Ball 1-0: Called Strike 1-1: Ball 2-1: Ground out 5-3 (Groundball, 56S) Jack Bowman to second
|
Batting: RHB Frank Music
|
0-0: Called Strike 0-1: Ball 1-1: Ball 2-1: Reached on error, E1 (Groundball, 13) Jack Bowman to third
|
Batting: RHB António Rojas
|
0-0: Ball 1-0: Ball 2-0: Ball 3-0: Called Strike 3-1: Foul Ball, location: 2F 3-2: Base on Balls Frank Music to second
|
Batting: RHB Ryan Beck
|
0-0: Foul Ball, location: 2F 0-1: SINGLE (Line Drive, 5) Jack Bowman scores Frank Music to third António Rojas to second Runner from 3rd tries for Home, SAFE, no throw
|
Batting: SHB Vicente Ramírez
|
0-0: Foul Ball, location: 2F 0-1: Foul Ball, location: 2F 0-2: Ground out 4-3 (Groundball, 4S) António Rojas to third Ryan Beck to second
|
Batting: RHB Josh Martin
|
0-0: Swinging Strike 0-1: DOUBLE (Line Drive, 7LD) António Rojas scores Ryan Beck scores
|
Batting: RHB Burt Scott
|
0-0: Called Strike 0-1: Foul Ball, location: 2F 0-2: Ball 1-2: Ball 2-2: Fly out, F8 (Flyball, 8RD)
|
Bottom of the 6th over - 5 run(s), 4 hit(s), 1 error(s), 1 left on base; Broken Arrow HS 0 - Masconomet HS 8 |
TOP OF THE 7TH |
Broken Arrow HS batting - Pitching for Masconomet HS Chieftans : RHP Mariano Cruz
|
Batting: RHB David Adams
|
0-0: Ball 1-0: Called Strike 1-1: Ball 2-1: Foul Ball, location: 2F 2-2: SOLO HOME RUN (Flyball, 7D), Distance : 409 ft
|
Batting: RHB Ramón Santos
|
0-0: Called Strike 0-1: Foul Ball, location: 2F 0-2: Strikes out swinging
|
Batting: SHB Pedro Sousa
|
0-0: Ball 1-0: Called Strike 1-1: Ground out U3 (Groundball, 34)
|
Batting: LHB Dennis Montgomery
|
0-0: Ball 1-0: Called Strike 1-1: Ball 2-1: DOUBLE (Line Drive, 9LS)
|
Batting: LHB José Esparza
|
0-0: Ground out 1-3 (Groundball, 13S)
|
Top of the 7th over - 1 run(s), 2 hit(s), 0 error(s), 1 left on base; Broken Arrow HS 1 - Masconomet HS 8 |
BOTTOM OF THE 7TH |
Masconomet HS Chieftans batting - Pitching for Broken Arrow HS : RHP Dan Montgomery
|
Batting: LHB David Hebert
|
0-0: Called Strike 0-1: Ball 1-1: Swinging Strike 1-2: Ball 2-2: Foul Ball, location: 2F 2-2: Strikes out swinging, 2-3 out at first.
|
Batting: RHB Jack Bowman
|
0-0: Ball 1-0: Fly out, F8 (Flyball, 78M)
|
Batting: LHB José Gallardo
|
0-0: Ball 1-0: DOUBLE (Flyball, 78D)
|
Batting: RHB Frank Music
|
0-0: Ball 1-0: Ball 2-0: Foul Ball, location: 2F 2-1: Foul Ball, location: 2F 2-2: Strikes out swinging
|
Bottom of the 7th over - 0 run(s), 1 hit(s), 0 error(s), 1 left on base; Broken Arrow HS 1 - Masconomet HS 8 |
TOP OF THE 8TH |
Broken Arrow HS batting - Pitching for Masconomet HS Chieftans : RHP Mariano Cruz
|
Batting: RHB Jon Bush
|
0-0: Ball 1-0: Called Strike 1-1: Swinging Strike 1-2: SINGLE (Groundball, 56D)
|
Batting: LHB Brian Lawson
|
0-0: Swinging Strike 0-1: Called Strike 0-2: Strikes out looking
|
Batting: RHB Steve Boyer
|
0-0: Called Strike 0-1: Swinging Strike 0-2: Foul Ball, location: 2F 0-2: Strikes out looking
|
Batting: LHB Jesús Zamora
|
0-0: Called Strike 0-1: Foul Ball, location: 2F 0-2: Strikes out looking
|
Top of the 8th over - 0 run(s), 1 hit(s), 0 error(s), 1 left on base; Broken Arrow HS 1 - Masconomet HS 8 |
BOTTOM OF THE 8TH |
Masconomet HS Chieftans batting - Pitching for Broken Arrow HS : RHP Dan Montgomery
|
Batting: RHB António Rojas
|
0-0: Ball 1-0: Foul Ball, location: 2F 1-1: Foul Ball, location: 2F 1-2: Foul Ball, location: 2F 1-2: Ball 2-2: Ball 3-2: Fly out, F8 (Flyball, 8RM)
|
Batting: RHB Ryan Beck
|
0-0: Ball 1-0: Fly out, F8 (Flyball, 8LM)
|
Batting: SHB Vicente Ramírez
|
0-0: Called Strike 0-1: Called Strike 0-2: Ball 1-2: Strikes out swinging
|
Bottom of the 8th over - 0 run(s), 0 hit(s), 0 error(s), 0 left on base; Broken Arrow HS 1 - Masconomet HS 8 |
TOP OF THE 9TH |
Broken Arrow HS batting - Pitching for Masconomet HS Chieftans : RHP Mariano Cruz
|
Batting: RHB David Adams
|
0-0: Ball 1-0: Ball 2-0: SINGLE (Line Drive, 56)
|
Batting: RHB Ramón Santos
|
0-0: Called Strike 0-1: Ball 1-1: Ball 2-1: Foul Ball, location: 2F 2-2: Foul Ball, location: 2F 2-2: Strikes out swinging
|
Pitching: LHP Henry Alemán
|
|
Batting: SHB Pedro Sousa
|
0-0: Ball 1-0: Swinging Strike 1-1: Swinging Strike 1-2: Foul Ball, location: 2F 1-2: Ball 2-2: Foul Ball, location: 2F 2-2: Ball 3-2: Base on Balls David Adams to second
|
Pinch Hitting: SHB Philippe Paquin
|
0-0: Ball 1-0: Called Strike 1-1: Swinging Strike 1-2: Foul Ball, location: 2F 1-2: Strikes out swinging
|
Batting: LHB José Esparza
|
0-0: Reached on error, E3 (Groundball, 34) David Adams to third Pedro Sousa to second
|
Batting: RHB Jon Bush
|
0-0: Fly out, F8 (Flyball, 8LM)
|
Top of the 9th over - 0 run(s), 1 hit(s), 1 error(s), 3 left on base; Broken Arrow HS 1 - Masconomet HS 8 |
|